 Dungeon Crawl Stone Soup version 0.22-a0-469-gf26638a71f (webtiles) character file.

35 Faustar the Grave Robber (level 3, -1/24 HPs)
             Began as a Vampire Necromancer on June 13, 2018.
             Slain by a hobgoblin (3 damage)
             ... on level 1 of the Dungeon.
             The game lasted 00:02:45 (1481 turns).

Faustar the Grave Robber (Vampire Necromancer)      Turns: 1481, Time: 00:02:46

Health: -1/24      AC:  2    Str:  7    XL:     3   Next: 16%
Magic:  0/6        EV: 12    Int: 18    God:
Gold:   39         SH:  0    Dex: 14    Spells: 4/6 levels left

rFire    . . .     SeeInvis +   (no weapon)
rCold    + . .     Gourm    .   (no shield)
rNeg     + + .     Faith    .   a - +0 robe
rPois    +         Spirit   .   (no helmet)
rElec    .         Reflect  .   (no cloak)
rCorr    .         Harm     .   (no gloves)
MR       .....                  (no boots)
Stlth    +++.......             (no amulet)
HPRegen  0.04/turn              (no ring)
MPRegen  0.10/turn              (no ring)

@: regenerating slowly
A: fangs 3, see invisible, unbreathing
a: Bat Form


You were on level 1 of the Dungeon.
You were near bloodless.

You visited 1 branch of the dungeon, and saw 1 of its levels.

You collected 39 gold pieces.

Inventory:

Armour
 a - a +0 robe (worn)
Scrolls
 b - a scroll of teleportation {unknown}
 d - a scroll of remove curse {unknown}
 e - a scroll of amnesia {unknown}
Potions
 c - 10 potions of blood


   Skills:
 - Level 2.1 Dodging
 - Level 3.0 Stealth
 - Level 2.0 Spellcasting
 + Level 5.6 Necromancy


You had 4 spell levels left.
You knew the following spells:

 Your Spells              Type           Power        Failure   Level  Hunger
a - Pain                  Necr           ###.         1%          1    #......
b - Animate Skeleton      Necr           N/A          1%          1    #......

Your spell library contained the following spells:

 Spells                   Type           Power        Failure   Level  Hunger
 Animate Dead             Necr           N/A          19%         4    #####..
 Vampiric Draining        Necr           ###.......   5%          3    ###....
 Regeneration             Chrm/Necr      ##........   17%         3    ###....


Dungeon Overview and Level Annotations

Branches:
Dungeon (1/15)

Altars:


Innate Abilities, Weirdness & Mutations

You heal slowly.
You have razor-sharp teeth.
You have supernaturally acute eyesight. (SInv)
You can survive without breathing.


Message History

You hit the hobgoblin but do no damage. The hobgoblin hits you.
You closely miss the hobgoblin. The hobgoblin hits you.
* * * LOW HITPOINT WARNING * * *
Casting: Pain (safe; 1% risk of failure)
Confirm with . or Enter, or press ? or * to list all spells.
Aiming: Pain (safe; 1% risk of failure)
Press: ? - help, Shift-Dir - straight line, f/p - hobgoblin
Aim: a hobgoblin (chance to defeat MR: 91%)
The hobgoblin writhes in agony!
The hobgoblin hits you.
* * * LOW HITPOINT WARNING * * *
Casting: Pain (safe; 1% risk of failure)
Confirm with . or Enter, or press ? or * to list all spells.
Aiming: Pain (safe; 1% risk of failure)
Press: ? - help, Shift-Dir - straight line, f/p - hobgoblin
Aim: a hobgoblin (severely wounded, chance to defeat MR: 91%)
The hobgoblin writhes in agony!
You hit the hobgoblin but do no damage.
The hobgoblin is almost dead.
The hobgoblin hits you.
You die...

.. ...#รท#...###...# .##
#.#.#.........## ####
#(.............###...
###.###)###.......... ###########
#.......####.#..... ..#.....#..#
#.......# #.#.....
..#..#.......##.......# #.#.....
...............#......####.......
.....#..#..#....@g...............
.....# #.###......######.....
..<..# #. #......# ##.... ######
# #......# #.... ..........
...... ############ #######


You could see a hobgoblin.

Vanquished Creatures
  2 dart slugs (D:1)
  A leopard gecko (D:1)
  A giant cockroach (D:1)
  5 hobgoblins (D:1)
  4 jackals (D:1)
  A kobold (D:1)
  A bat (D:1)
  2 frilled lizards (D:1)
  5 goblins (D:1)
  5 rats (D:1)
27 creatures vanquished.

Notes
Turn   | Place    | Note
-------+----------+-------------------------------------------
     0 | D:1      | Faustar the Vampire Necromancer began the quest for the Orb.
     0 | D:1      | Reached XP level 1. HP: 13/13 MP: 3/3
   352 | D:1      | Learned a level 1 spell: Animate Skeleton
   368 | D:1      | Reached XP level 2. HP: 19/19 MP: 3/5
   430 | D:1      | Reached skill level 5 in Necromancy
   938 | D:1      | Reached XP level 3. HP: 11/24 MP: 1/6
  1481 | D:1      | Slain by a hobgoblin

Vault maps used:
D:1:      dpeg_arrival_ternary, hangedman_decor_peaks_small

Skill      XL: |  1  2 |
---------------+-------+-----
Necromancy     | 5 |  5.6
Dodging        | |  2.1
Stealth        | |  3.0
Spellcasting   | |  2.0

Action                   || total
-------------------------++-------
Melee: Unarmed           ||    29
       Bite              ||     3
 Cast: Pain              ||    49
 Stab: Sleeping          ||     1
Armor: Robe              ||     7
Dodge: Dodged            ||    27

Table legend:
 A = Spawn XP
 B = Non-spawn XP
 C = Spawn XP percentage of total XP
 D = Spawn monster count
 E = Non-spawn monster count
 F = Spawn count percentage of total count
 G = Total turns spent on level
                    A         B        C        D         E        F      G
               +---------+---------+-------+---------+---------+-------+---------
         Total |       0 |      50 |   0.0 |       0 |      27 |   0.0 |  1481
               +---------+---------+-------+---------+---------+-------+---------
           D:1 |       0 |      50 |   0.0 |       0 |      27 |   0.0 |  1481
               +---------+---------+-------+---------+---------+-------+---------
